 Dungeon Crawl Stone Soup version 0.18-a0-1772-gce6d5cf (webtiles) character file.

60307 Eucla the Shatterer (level 14, 0/162 HPs)
             Began as an Ogre Berserker on Apr 14, 2016.
             Was a High Priest of Trog.
             Slain by a death yak (11 damage)
             ... on level 8 of the Lair of Beasts.
             The game lasted 00:34:45 (20659 turns).

Eucla the Shatterer (Ogre Berserker)               Turns: 20659, Time: 00:34:45

Health: 0/162      AC:  9    Str: 25    XL:     14   Next: 98%
Magic:  0/23       EV: 16    Int:  8    God:    Trog [*****.]
Gold:   1145       SH:  0    Dex: 13    Spells: 0 memorised, 13 levels left

rFire  . . .     SeeInvis .     M - +10 great mace of Killer Bee's Curse {venom, +Fly}
rCold  + . .     Gourm    .     E - +1 robe {rN+}
rNeg   + . .     Faith    .     (shield currently unavailable)
rPois  +         Spirit   +     (helmet restricted)
rElec  .         Dismiss  .     h - +2 cloak {rPois}
rCorr  .         Reflect  .     (gloves unavailable)
SustAt .         Harm     .     (boots unavailable)
MR     ++...                    N - amulet of Bumulum {Spirit MR+}
Stlth  +.........               w - +2 ring of protection
                                X - ring of magical power

@: very resistant to hostile enchantments, very unstealthy
A: unfitting armour, clever 1, cold resistance 1, tough skin 1
a: Berserk, Trog's Hand, Brothers in Arms, Burn Spellbooks, Renounce Religion,
Evoke Flight


You were on level 8 of the Lair of Beasts.
You worshipped Trog.
Trog was extremely pleased with you.
You were hungry.

You visited 2 branches of the dungeon, and saw 18 of its levels.
You also visited: Labyrinth and Sewer.

You collected 1235 gold pieces.
You spent 90 gold pieces at shops.

Inventory:

Hand Weapons
 L - the +4 dire flail of the Fray {venom, rF+}
   (You found it on level 9 of the Dungeon)

   It poisons the flesh of those it strikes.
   It protects you from fire.
 M - the +10 great mace of Killer Bee's Curse (weapon) {venom, +Fly}
   (Trog gifted it to you on level 8 of the Dungeon)

   It poisons the flesh of those it strikes.
   It lets you fly.
 P - a +3 antimagic giant spiked club
 R - a +6 antimagic great mace
Missiles
 j - 3 large rocks (quivered)
Armour
 h - a +2 cloak of poison resistance (worn)
 E - a +1 robe of positive energy (worn)
 Q - an ice dragon hide
Jewellery
 w - a +2 ring of protection (right hand)
 J - the ring "Zauck" {rF+ rN+ MR+ SInv}
   (You found it in a labyrinth)

   [ring of positive energy]

   It protects you from fire.
   It protects you from negative energy.
   It affects your resistance to hostile enchantments.
   It lets you see invisible.
 N - the amulet of Bumulum (around neck) {Spirit MR+}
   (You found it on level 2 of the Lair of Beasts)

   [amulet of guardian spirit]

   It causes incoming damage to be split between your health and magic.
   It affects your resistance to hostile enchantments.
 X - a ring of magical power (left hand)
Wands
 a - a wand of hasting (4/9)
 e - a wand of paralysis (10/24)
 g - a wand of iceblast (9/15)
 s - a wand of teleportation (3/9)
 I - a wand of heal wounds (3/9)
Scrolls
 i - 3 scrolls of enchant weapon
 p - 8 scrolls of remove curse
 r - 3 scrolls of blinking
 t - 3 scrolls of recharging
 x - 3 scrolls of teleportation
 A - 2 scrolls of fog
 B - 3 scrolls of enchant armour
Potions
 f - 8 potions of curing
 k - a potion of magic {unknown}
 m - 2 potions of brilliance {unknown}
 n - 3 potions of resistance
 o - 2 potions of cure mutation {unknown}
 q - 4 potions of heal wounds
 u - 6 potions of might
 D - a potion of berserk rage
 F - 4 potions of mutation {unknown}
 G - a potion of ambrosia {unknown}
 K - 2 potions of flight {unknown}
 O - 2 potions of agility
 U - a potion of haste {unknown}
Comestibles
 b - 20 fruits
 c - 10 bread rations
 d - 5 meat rations


   Skills:
 + Level 16.3 Fighting
 * Level 21.8 Maces & Flails
 + Level 12.1 Dodging


You had 13 spell levels left.
You didn't know any spells.

Dungeon Overview and Level Annotations

Branches:
Dungeon (10/15)            Temple (0/1) D:5            Lair (8/8) D:9
 Shoals (0/4) Lair:5       Spider (0/4) Lair:4        Slime (0/6) Lair:7
    Orc: D:9-12

Altars:
Ashenzari
Dithmenos
Gozag
Kikubaaqudgha
Makhleb
Nemelex Xobeh
Pakellas
Qazlal
Ru
Trog
Xom
Yredelemnul
Zin
The Shining One
Jiyva

Annotations:
Lair:7 exclusion: oklob plant


Innate Abilities, Weirdness & Mutations

You are too large for most types of armour.
You have tough skin (AC +1).
Your mind is acute. (Int +2)
Your flesh is cold resistant.


Message History

Press: ? - help, Shift-Dir - straight line, f - you You feel much better.
This wand has 4 charges left.
The death yak gores you!!
* * * LOW HITPOINT WARNING * * *
Unknown command.
Evoke which item? (* to show all) (? for menu, Esc to quit)
Zapping:
I - a wand of heal wounds (4/9)
Press: ? - help, Shift-Dir - straight line, f - you You feel much better.
This wand has 3 charges left.
The death yak gores you!! The death yak completely misses you.
Unknown command.
Your troll goes berserk!
You are feeling hungry.
The death yak gores you!!
* * * LOW HITPOINT WARNING * * *
The death yak gores you!!
* * * LOW HITPOINT WARNING * * *
Unknown command.
The death yak gores your troll but does no damage.
The death yak gores you!
You die...

*## ## *** ###.#
.##**,* ***#####P..##
#..,,,***,,.......♣.#
...,***,,,,,,##.†...#
...,**,,,,*,##.÷.†.##
...,*,,,,,###...Y#.##
...**,,,*##....TY#..##
..#*,,,,*..÷....@##..#
.#*,,,,**.8..#....#..♣#
.#,,,,,*,...*##...#.÷.#
.#,,,,,*,8.,**#...#..P#
.#,,,,,*,.,,,*...÷#...#
P#,,,,**,,,8,...÷.#.÷##
.##,,,*,,8,,8..8.##..#
..#,,,**,,,,.....#...#
..##,,**,,,,,,,,##...#


You could see 2 death yaks and a friendly troll (berserk).

Vanquished Creatures
  Kirke (Lair:8)
  The ghost of smazza the Arsonist, a journeyman DsFE of Vehumet (Lair:5)
  Josephine (Lair:8)
  A minotaur (Lab)
  An ice dragon (Lair:7)
  4 hydras
  A deep troll shaman (Lair:8)
  A queen ant (Lair:6)
  7 death yaks
  The ghost of smazza the Arsonist, a novice DEFE of Cheibriados (D:10)
  Pikel (D:5)
  A lindwurm (Lair:8)
  3 griffons
  37 elephants
  4 black mambas
  21 spiny frogs
  4 rime drakes
  5 komodo dragons
  2 trolls (D:9)
  7 blink frogs
  2 polar bears (Lair:8)
  Prince Ribbit (D:6)
  A tarantella (Lair:4)
  3 wyverns
  Sigmund (D:3)
  24 yaks
  5 wraiths
  2 basilisks
  8 hippogriffs
  A hungry ghost (D:6)
  Edmund (D:5)
  16 soldier ants (Lair:6)
  11 porcupines
  24 water moccasins
  4 orc warriors
  3 phantoms
  2 sky beasts
  2 black bears
  2 ice beasts
  3 slaves (D:5)
  A centaur (D:8)
  2 ogres
  13 wolves
  15 crocodiles
  Blork the orc (D:5)
  3 big kobolds
  16 giant frogs
  2 gnoll sergeants (D:8)
  4 killer bees (D:7)
  3 scorpions
  2 electric eels (Lair:6)
  2 jellies
  3 howler monkeys (D:4)
  3 crimson imps
  A centaur zombie (D:9)
  10 hounds
  A centaur skeleton (D:5)
  A gnoll shaman (D:8)
  4 orc priests
  Crazy Yiuf (D:5)
  3 giant frog skeletons
  Jessica (D:2)
  9 iguanas
  7 orc wizards
  39 worker ants
  A killer bee zombie (D:9)
  17 sheep
  A worker ant zombie (D:6)
  9 gnolls
  11 adders
  41 river rats
  3 white imps (Lair:7)
  2 oozes
  An adder skeleton (D:4)
  An adder zombie (D:7)
  3 worms
  2 dart slugs
  7 giant geckos
  25 orcs
  6 bats
  8 giant cockroaches
  4 goblins
  8 hobgoblins
  9 jackals
  A ball python (D:2)
  A giant gecko skeleton (D:5)
  8 giant newts
  22 kobolds
  12 rats
  3 fungi (Lair:8)
573 creatures vanquished.

Vanquished Creatures (collateral kills)
  A catoblepas (Lair:8)
  An elephant (Lair:1)
2 creatures vanquished.

Vanquished Creatures (others)
  2 humans (Lair:8)
  A bush (Lair:8)
  76 fungi
  33 plants
112 creatures vanquished.

Grand Total: 687 creatures vanquished

Notes
Turn   | Place    | Note
--------------------------------------------------------------
     0 | D:1      | Eucla the Ogre Berserker began the quest for the Orb.
     0 | D:1      | Reached XP level 1. HP: 24/24 MP: 1/1
   108 | D:1      | Reached XP level 2. HP: 32/32 MP: 2/2
   445 | D:1      | Reached ** piety under Trog
   816 | D:1      | Reached XP level 3. HP: 40/40 MP: 3/3
   826 | D:2      | Found a sparkling altar of Nemelex Xobeh.
   832 | D:2      | Noticed Jessica
   845 | D:2      | Killed Jessica
   845 | D:2      | Reached skill level 5 in Maces & Flails
  1093 | D:2      | Reached XP level 4. HP: 47/49 MP: 4/4
  1583 | D:2      | Found a shimmering altar of Xom.
  1583 | D:2      | Found a burning altar of Makhleb.
  1742 | D:3      | Reached *** piety under Trog
  1974 | D:3      | Noticed Sigmund
  1987 | D:3      | Killed Sigmund
  1987 | D:3      | Reached skill level 5 in Fighting
  1987 | D:3      | Reached skill level 6 in Maces & Flails
  1987 | D:3      | Reached XP level 5. HP: 54/57 MP: 5/5
  1987 | D:3      | Reached XP level 6. HP: 63/66 MP: 6/6
  1991 | D:3      | Reached skill level 7 in Maces & Flails
  2629 | D:4      | Reached XP level 7. HP: 34/74 MP: 7/7
  2650 | D:4      | Found a glowing drain.
  2659 | Sewer    | Entered a sewer
  2984 | Sewer    | Reached skill level 8 in Maces & Flails
  3186 | D:4      | Found a shattered altar of Ashenzari.
  3253 | D:4      | Gained mutation: Your flesh is cold resistant. [potion of beneficial mutation]
  3768 | D:5      | Entered Level 5 of the Dungeon
  3772 | D:5      | Reached skill level 9 in Maces & Flails
  4067 | D:5      | Noticed Edmund
  4076 | D:5      | Killed Edmund
  4076 | D:5      | Reached XP level 8. HP: 84/84 MP: 8/8
  4088 | D:5      | Noticed Blork the orc
  4095 | D:5      | Noticed Pikel
  4103 | D:5      | Noticed Crazy Yiuf
  4110 | D:5      | Killed Crazy Yiuf
  4118 | D:5      | Killed Blork the orc
  4184 | D:5      | Reached skill level 5 in Dodging
  4651 | D:5      | Reached skill level 10 in Maces & Flails
  4727 | D:5      | Found a staircase to the Ecumenical Temple.
  4773 | D:5      | Found a shadowy altar of Dithmenos.
  4966 | D:5      | Killed Pikel
  4966 | D:5      | Reached skill level 11 in Maces & Flails
  5044 | D:5      | Reached XP level 9. HP: 53/96 MP: 9/9
  5087 | D:5      | Found a sacrificial altar of Ru.
  5088 | D:5      | Found a stormy altar of Qazlal.
  5088 | D:5      | Found a basalt altar of Yredelemnul.
  5708 | D:6      | Reached **** piety under Trog
  6190 | D:6      | Noticed Prince Ribbit
  6199 | D:6      | Killed Prince Ribbit
  6199 | D:6      | Reached skill level 12 in Maces & Flails
  6302 | D:6      | Found an opulent altar of Gozag.
  6976 | D:7      | Found a shadowy altar of Dithmenos.
  7527 | D:7      | Reached skill level 13 in Maces & Flails
  7572 | D:7      | Reached XP level 10. HP: 93/109 MP: 10/10
  7965 | D:7      | Reached skill level 10 in Fighting
  8228 | D:8      | Reached ***** piety under Trog
  8343 | D:8      | Found an ancient bone altar of Kikubaaqudgha.
  8504 | D:8      | Found a bloodstained altar of Trog.
  8614 | D:8      | Found an oddly glowing altar of Pakellas.
  8728 | D:8      | Found a glowing golden altar of the Shining One.
  8880 | D:8      | Reached skill level 14 in Maces & Flails
  9299 | D:8      | Received a gift from Trog
  9303 | D:8      | Got a warped great mace {god gift}
  9304 | D:8      | Identified the +10 great mace of Killer Bee's Curse {venom, +Fly} (Trog gifted it to you on level 8 of the Dungeon)
  9534 | D:9      | Got an encrusted dire flail
  9535 | D:9      | Identified the +4 dire flail of the Fray {venom, rF+} (You found it on level 9 of the Dungeon)
  9559 | D:9      | Found Zin's Purification Station.
  9559 | D:9      | Found a glowing silver altar of Zin.
  9571 | D:9      | Bought a potion of curing for 90 gold pieces
  9625 | D:9      | Found a staircase to the Lair.
  9828 | D:9      | Reached XP level 11. HP: 83/120 MP: 11/11
  9834 | D:9      | Reached skill level 15 in Maces & Flails
 10244 | D:10     | Entered Level 10 of the Dungeon
 10485 | D:10     | Noticed smazza's ghost (novice DEFE)
 10509 | D:10     | Killed smazza's ghost
 10595 | Lair:1   | Entered Level 1 of the Lair of Beasts
 11053 | Lair:1   | Reached skill level 16 in Maces & Flails
 11557 | Lair:1   | Noticed a seven-headed hydra
 11585 | Lair:1   | Reached XP level 12. HP: 87/133 MP: 12/12
 11602 | Lair:1   | Reached skill level 17 in Maces & Flails
 11910 | Lair:1   | Killed a seven-headed hydra
 12338 | Lair:2   | Received a gift from Trog
 12422 | Lair:2   | Reached skill level 18 in Maces & Flails
 12428 | Lair:2   | Got a pitted brass amulet
 12429 | Lair:2   | Identified the amulet of Bumulum {Spirit MR+} (You found it on level 2 of the Lair of Beasts)
 13225 | Lair:3   | Reached skill level 10 in Dodging
 13646 | Lair:3   | Reached XP level 13. HP: 109/146 MP: 9/13
 14217 | Lair:4   | Found a hole to the Spider Nest.
 14686 | Lair:5   | Noticed smazza's ghost (journeyman DsFE)
 14696 | Lair:5   | Killed smazza's ghost
 14854 | Lair:5   | Reached skill level 19 in Maces & Flails
 14918 | Lair:5   | Found a staircase to the Shoals.
 15995 | Lair:6   | Received a gift from Trog
 16135 | Lair:6   | Received a gift from Trog
 16318 | Lair:6   | Gained mutation: Your mind is acute. (Int +2) [potion of beneficial mutation]
 16808 | Lair:7   | Found a viscous altar of Jiyva.
 16808 | Lair:7   | Found a staircase to the Slime Pits.
 16821 | Lair:7   | Reached skill level 15 in Fighting
 16897 | Lair:7   | Reached skill level 20 in Maces & Flails
 17125 | Lair:7   | Reached ****** piety under Trog
 17246 | Lair:7   | Reached XP level 14. HP: 73/159 MP: 14/14
 17397 | Lair:7   | Received a gift from Trog
 18467 | Lair:8   | Entered Level 8 of the Lair of Beasts
 18467 | Lair:8   | Noticed Josephine
 18479 | Lair:8   | Killed Josephine
 18493 | Lair:8   | Reached skill level 21 in Maces & Flails
 18647 | Lair:8   | Found a labyrinth entrance.
 18684 | Lab      | Entered a labyrinth
 18980 | Lab      | Got a vibrating tin ring
 18996 | Lab      | Received a gift from Trog
 19018 | Lair:8   | Identified the ring "Zauck" {rF+ rN+ MR+ SInv} (You found it in a labyrinth)
 19042 | Lair:8   | Noticed Kirke
 19061 | Lair:8   | Killed Kirke
 20659 | Lair:8   | Slain by a death yak

Vault maps used:
D:1:      scummos_arrival_simple_fountains, kennysheep_boxes
D:2:      gammafunk_temple_overflow_pools, nemelex_deck, uniq_jessica
D:3:      uniq_sigmund
D:4:      evilmike_ruin_ashenzari, portal_sewer_entry_d
D:5:      nicolae_dithmenos_through_a_glass_darkly, minitemple,
          minmay_temple_entry_nine_rooms, first_bread, grunt_decor_mini_mirrors,
          uniq_blork_the_orc, uniq_pikel, uniq_crazy_yiuf_cottage, uniq_edmund
D:6:      hangedman_cross_stitches, lemuel_crystal_altar, st_stairs_10,
          uniq_prince_ribbit1
D:7:      basic_altar
D:8:      kennysheep_housing_project, grunt_pakellas_mercury,
          nicolae_overflow_crystal_walls, bloody_trog, tso_metal_star
D:9:      zin_purify, dpeg_oklobed_lair, blue_anna_alchemist
D:10:     erik_orc_2, uniq_erolcha
Lair:1:   mu_elephants_graveyard
Lair:2:   st_stairs_5
Lair:4:   spider_nest_entry_rubble
Lair:5:   elwin_shoals_entry_rooms, serial_bayou_shore_b, serial_bayou_shore_b,
          serial_bayou_shore_b
Lair:6:   zaba_anthell, serial_bayou_shore_b, lemuel_fruit_tree,
          serial_bayou_shore_a
Lair:7:   minmay_lair_oklob_chamber, slime_altar_1, bobbens_ice_dragon_lair
Lair:8:   grunt_lair_end_beastmaster, lab_entry_generic, uniq_kirke,
          uniq_josephine
Lab:      labyrinth_watery
Sewer:    sewer_the_crocodile

Skill      XL: |  1  2  3  4  5  6  7  8  9 10 11 12 13 14 |
---------------+-------------------------------------------+-----
Maces & Flails | 5 6 7 9 11 13 14 16 18 20 21 | 21.8
Dodging        | 3 4 5 6 8 9 10 11 12 | 12.1
Fighting       | 5 6 8 9 11 12 14 15 16 | 16.3

Action                   |  1- 3 |  4- 6 |  7- 9 | 10-12 | 13-15 || total
-------------------------+-------+-------+-------+-------+-------++-------
Melee: Mace              |    91 |   164 |   109 |       |       ||   364
       Dire flail        |       |       |    69 |       |   469 ||   538
       Whip              |       |       |   360 |   108 |       ||   468
       Giant club        |       |       |       |   118 |       ||   118
       Great mace        |       |       |       |   373 |   453 ||   826
Invok: Berserk           |       |     2 |     5 |     4 |     8 ||    19
       Trog's Hand       |       |     1 |     1 |     1 |     1 ||     4
       Brothers in Arms  |       |       |       |     1 |     2 ||     3
       Burn Spellbooks   |       |       |       |       |     1 ||     1
Evoke: Wand              |       |       |       |       |     2 ||     2
  Use: Scroll            |       |     5 |     7 |     8 |    10 ||    30
       Potion            |       |     1 |     1 |     1 |     3 ||     6
 Stab: Distracted        |     1 |       |       |     3 |       ||     4
       Sleeping          |       |       |     3 |     4 |       ||     7
       Petrified         |       |       |       |       |     3 ||     3
  Eat: Chunk             |     1 |     7 |     8 |    10 |    14 ||    40
       Beef jerky        |       |       |     3 |     3 |     1 ||     7
       Pizza             |       |       |     1 |       |     1 ||     2
       Meat ration       |       |       |     3 |       |     1 ||     4
       Fruit             |       |       |       |     5 |    12 ||    17
Armor: Animal skin       |    28 |    39 |    67 |       |       ||   134
       Robe              |       |       |    11 |   123 |   175 ||   309
       Skin              |       |       |       |       |    14 ||    14
Dodge: Dodged            |    49 |    95 |   214 |   376 |   472 ||  1206
